 Dungeon Crawl Stone Soup version 0.26.1-11-gd32895ea62 (webtiles) character file.

Game seed: 3643898293449879665

1037 patchburns1 the Skirmisher (level 8, -4/62 (64) HPs)
             Began as a Demonspawn Fighter on June 6, 2021.
             Was an Initiate of Qazlal.
             Slain by an orc warrior
             ... wielding a +0 dire flail
              (9 damage)
             ... on level 6 of the Dungeon.
             The game lasted 00:27:44 (6044 turns).

patchburns1 the Skirmisher (Demonspawn Fighter)     Turns: 6044, Time: 00:27:44

HP:   -4/62 (64)    AC: 11    Str: 30    XL:     8   Next: 4%
MP:   10/10         EV:  8    Int: 10    God:    Qazlal [......]
Gold: 324           SH: 16    Dex: 13    Spells: 7/7 levels left

rFire    + + +     SeeInvis .   a - +4 long sword
rCold    . . .     Faith    .   f - +0 tower shield
rNeg     . . .     Spirit   .   H - +6 ring mail of Resourcefulness {-Cast +Blink rF+++}
rPois    .         Reflect  .   (helmet restricted)
rElec    .         Harm     .   (no cloak)
rCorr    .         Rampage  .   (no gloves)
Will     .....     NoCast   +   (no boots)
Stlth    +.........             B - amulet of the acrobat
HPRegen  0.20/turn              t - +6 ring of strength
MPRegen  0.12/turn              v - +6 ring of strength

@: studying Air Magic, lightly drained
A: antennae 1, fire resistance 1, powered by pain 2
a: Renounce Religion, Evoke Blink


You were on level 6 of the Dungeon.
You worshipped Qazlal.
Qazlal was noncommittal.
You visited 2 branches of the dungeon, and saw 7 of its levels.

You collected 324 gold pieces.

Inventory:

Hand Weapons
 a - a +4 long sword (weapon)
 q - a +1 dagger of venom
 s - a +0 vorpal hunting sling
 J - a +2 short sword of flaming
Missiles
 g - 95 stones
 j - 45 sling bullets
 o - 41 poisoned darts (quivered)
 x - 28 bolts
 A - 7 atropa-tipped darts
 D - 8 javelins
 E - 8 boomerangs
Armour
 b - a +0 scale mail
 c - a +0 kite shield
 f - a +0 tower shield (worn)
 l - a +0 helmet
 m - a +0 chain mail
 H - the +6 ring mail of Resourcefulness (worn) {-Cast +Blink rF+++}
   (You found it on level 5 of the Dungeon)

   It renders you almost immune to fire.
   It lets you blink.
   It prevents spellcasting.
Magical Staves
 n - an uncursed staff of conjuration
Jewellery
 e - an uncursed ring of stealth
 i - the ring of Kippeeph {Ice Dex+6}
   (You found it on level 6 of the Dungeon)

   [ring of ice]

   It enhances your ice magic.
   It affects your dexterity (+6).
   It makes you vulnerable to fire.
   It protects you from cold.
 t - a +6 ring of strength (left hand)
 v - a +6 ring of strength (right hand)
 B - an amulet of the acrobat (around neck)
 G - an uncursed ring of wizardry
Scrolls
 p - a scroll of amnesia
 r - a scroll of random uselessness
 w - a scroll of teleportation {unknown}
 y - a scroll of enchant weapon
 C - 2 scrolls of magic mapping {unknown}
 F - 2 scrolls of remove curse
 L - 3 scrolls of fog
Potions
 d - a potion of might
 h - 2 potions of invisibility {unknown}
 k - a potion of ambrosia {unknown}
 u - 5 potions of curing
 z - a potion of heal wounds {unknown}
 M - a potion of attraction {unknown}
Books
 I - a manual of Air Magic


   Skills:
 * Level 5.9 Fighting
 + Level 3.5 Long Blades
 + Level 1.1 Slings
 + Level 4.2 Armour
 + Level 2.9 Dodging
 + Level 4.2 Shields
 * Level 2.9 Invocations
 + Level 1.2 Evocations


You had 7 spell levels left.
You didn't know any spells.
Your spell library contained the following spells:

 Spells                   Type           Power        Failure   Level
 Confusing Touch          Hex            0%           100%        3
 Gell's Gravitas          Tloc           0%           100%        3
 Petrify                  Tmut/Erth      0%           100%        4
 Metabolic Englaciation   Hex/Ice        0%           100%        5
 Yara's Violent Unravell  Hex/Tmut       0%           100%        5


Dungeon Overview and Level Annotations

Branches:
Dungeon (6/15)             Temple (1/1) D:5

Altars:
Dithmenos
Elyvilon
Fedhas
Hepliaklqana
Kikubaaqudgha
Makhleb
Nemelex Xobeh
Okawaru
Qazlal
Ru
Sif Muna
Trog
Uskayaw
Vehumet
Wu Jian
Xom
Yredelemnul
Zin
The Shining One

Annotations:
D:6 Dowan


Innate Abilities, Weirdness & Mutations

You have a pair of small antennae on your head.
Your flesh is heat resistant. (rF+)
You sometimes gain power by taking damage.


Message History

The orc warrior is moderately wounded.
The orc warrior barely misses you.
The orc wizard gestures wildly while chanting.
The orc wizard blinks!
The orc warrior hits you with a +0 dire flail!
As you read the scroll labelled CIUCIA NUMM, it crumbles to dust.
It is a scroll of amnesia.
You feel forgetful for a moment.
The orc wizard mumbles some strange words.
The orc wizard blinks!
You block the orc warrior's attack.
As you read the scroll labelled VIBBEGE OWIR, it crumbles to dust.
The dust glows gleaming charcoal!
It was a scroll of random uselessness.
The orc warrior hits you with a +0 dire flail!!
* * * LOW HITPOINT WARNING * * *
You focus on the pain.
You feel your power returning.
As you read the scroll labelled NESHIL VOSOSAH, it crumbles to dust.
It is a scroll of enchant weapon.
Your +3 long sword glows red for a moment.
The orc warrior hits you with a +0 dire flail!
You die...

#.# #.# #.#
#######<######
###..............
#.###..........######
..........=....#
#######.######.###.
#...eoo@§o.....
#....o#####.##..
#...((.(.# .# .
o......(>..#
.#§###...#.# .o
...#.#.# . #.#.#.#.#
#?#.#.#.#


You could see an orc warrior, Dowan (fast), an orc wizard (fast) and 2 orcs.

Vanquished Creatures
  Duvessa (D:6)
  2 phantoms
  2 ogres (D:5)
  2 scorpions (D:4)
  3 wights
  A bullfrog skeleton (D:5)
  An orc priest (D:5)
  An orc wizard (D:5)
  A worker ant (D:4)
  A hound skeleton (D:4)
  A worker ant zombie (D:5)
  Robin (D:2)
  A howler monkey zombie (D:5)
  10 adders
  A white imp (D:6)
  An ooze (D:5)
  An adder skeleton (D:4)
  3 worms (D:2)
  3 dart slugs
  2 leopard geckos (D:3)
  4 orcs
  3 ball pythons
  5 bats
  A giant cockroach (D:2)
  11 goblins
  6 hobgoblins
  2 jackals (D:2)
  18 kobolds
  A quokka (D:3)
  6 frilled lizards
  A quokka zombie (D:5)
  5 rats
102 creatures vanquished.

Notes
Turn   | Place    | Note
-------+----------+-------------------------------------------
     0 | D:1      | patchburns1 the Demonspawn Fighter began the quest for the
                  | Orb.
     0 | D:1      | Reached XP level 1. HP: 18/18 MP: 1/1
   173 | D:1      | Gained mutation: Your flesh is heat resistant. (rF+)
                  | [demonic ancestry]
   173 | D:1      | Reached XP level 2. HP: 24/24 MP: 2/2
   734 | D:2      | Gained mutation: You sometimes gain a little power by
                  | taking damage. [demonic ancestry]
   734 | D:2      | Reached XP level 3. HP: 19/29 MP: 3/3
  1220 | D:2      | Reached skill level 1 in Dodging
  1239 | D:2      | Noticed Robin
  1256 | D:2      | Killed Robin
  1257 | D:2      | Reached XP level 4. HP: 19/37 MP: 4/4
  1977 | D:2      | Reached skill level 4 in Fighting
  2533 | D:3      | Reached XP level 5. HP: 38/42 MP: 5/5
  3219 | D:4      | Noticed a phantom
  3439 | D:4      | Killed a phantom
  3440 | D:4      | Gained mutation: You sometimes gain power by taking damage.
                  | [demonic ancestry]
  3440 | D:4      | Reached XP level 6. HP: 32/49 MP: 6/6
  4056 | D:4      | Found a shimmering altar of Xom.
  4062 | D:4      | Found a shimmering altar of Xom.
  4062 | D:4      | Found a shimmering altar of Xom.
  4063 | D:4      | Found a shimmering altar of Xom.
  4064 | D:4      | Found a shimmering altar of Xom.
  4066 | D:4      | Found a shimmering altar of Xom.
  4505 | D:5      | Entered Level 5 of the Dungeon
  4525 | D:5      | Reached skill level 5 in Fighting
  4531 | D:5      | Found a shadowy altar of Dithmenos.
  4552 | D:5      | Got a heavily runed ring mail
  4562 | D:5      | Identified the +6 ring mail of Resourcefulness {-Cast
                  | +Blink rF+++} (You found it on level 5 of the Dungeon)
  4642 | D:5      | Reached XP level 7. HP: 51/56 MP: 7/7
  4730 | D:5      | Reached skill level 1 in Invocations
  5090 | D:5      | Found a staircase to the Ecumenical Temple.
  5125 | Temple   | Entered the Ecumenical Temple
  5374 | Temple   | Became a worshipper of Qazlal Stormbringer
  5418 | D:5      | Found a sacrificial altar of Ru.
  5701 | D:5      | HP: 2/49 [wight/+3 long sword (1)]
  5704 | D:5      | Reached skill level 1 in Slings
  5704 | D:5      | Reached skill level 1 in Evocations
  5994 | D:6      | Got a shimmering copper ring
  5995 | D:6      | Identified the ring of Kippeeph {Ice Dex+6} (You found it
                  | on level 6 of the Dungeon)
  6016 | D:6      | Noticed Duvessa
  6016 | D:6      | Noticed Dowan
  6038 | D:6      | Killed Duvessa
  6039 | D:6      | Gained mutation: You have a pair of small antennae on your
                  | head. [demonic ancestry]
  6039 | D:6      | Reached XP level 8. HP: 46/62 MP: 8/10
  6044 | D:6      | Slain by an orc warrior

Illustrated notes

Levels and vault maps discovered:
D:1:      noname_arrival_rooms_in_the_neighbourhood, layout_basic
D:2:      layout_basic, uniq_robin
D:3:      layout_loops_ring
D:4:      layout_loops_corners, xom_redecorated
D:5:      layout_basic, nicolae_overflow_crystal_walls,
          minmay_temple_entry_mini_moons, basic_altar, minmay_manual_mess
D:6:      layout_loops_ring, cheibrodos_ashenzari_chains, serial_shops,
          kennysheep_mini_moat, chequers_garden,
          nicolae_dithmenos_through_a_glass_darkly, uniq_duvessa
Temple:   hc_temple_tempest_star

Skill      XL: |  1  2  3  4  5  6  7 |
---------------+----------------------+-----
Long Blades    | 2 3 |  3.5
Armour         | 3 4 |  4.2
Shields        | 3 4 |  4.2
Dodging        | 1 2 |  2.9
Fighting       | 4 5 |  5.9
Invocations    | 2 |  2.9
Slings         | 1 |  1.1
Evocations     | 1 |  1.2

Action                   |  1- 3 |  4- 6 |  7- 9 || total
-------------------------+-------+-------+-------++-------
Melee: Long sword        |   106 |   245 |    78 ||   429
       Short sword       |       |       |    54 ||    54
 Fire: Hunting sling     |       |    63 |       ||    63
Throw: Stone             |     1 |     3 |       ||     4
       Dart              |       |     8 |     5 ||    13
  Use: Scroll            |       |       |     7 ||     7
       Potion            |       |       |     1 ||     1
Armor: Scale mail        |    37 |    12 |       ||    49
       Chain mail        |       |   110 |       ||   110
       Ring mail         |       |     9 |    35 ||    44
Dodge: Dodged            |    10 |    32 |    29 ||    71
Block: Tower shield      |    77 |   217 |    87 ||   381
       Rpst.: Long sword |     3 |    11 |     7 ||    21
